Tucson Roadrunners vs Abbotsford Heat
Created - Tuesday, March 21, 2023 at 08:33
Goals
|
| Tucson Roadrunners |
1 |
1 |
2 |
4 |
| Abbotsford Heat |
0 |
2 |
0 |
2 |
|
Shots
|
| Tucson Roadrunners |
12 |
10 |
14 |
36 |
| Abbotsford Heat |
3 |
21 |
10 |
34 |
|
1st period
1. Tucson Roadrunners , Robert Hagg 1 (Zemgus Girgensons 8, Riley Nash 4) at 1:13 (PP)
Penalties :
Dennis Gilbert (ABH) for Tripping (Minor) at 1:05, William Carrier (TRR) for Slashing (Minor) at 11:45, Riley Nash (TRR) for Hooking (Minor) at 14:40
2nd period
2. Abbotsford Heat , Yakov Trenin 8 (Gabriel Fortier 2, Wyatt Newpower 1) at 8:46
3. Abbotsford Heat , Ryan Merkley 2 (Yakov Trenin 4, Pheonix Copley) at 10:25 (PP)
4. Tucson Roadrunners , Scott Reedy 2 (Robert Hagg 4, William Carrier 4) at 13:48
Penalties :
Nicolas Meloche (TRR) for Interference (Minor) at 0:37, Zemgus Girgensons (TRR) for Hooking (Minor) at 8:49, Pheonix Copley (ABH) for Slashing (Minor) at 14:58 - Dennis Gilbert served the penalty, Scott Reedy (TRR) for Holding Stick (Minor) at 17:11
3rd period
5. Tucson Roadrunners , Marian Studenic 5 (Scott Reedy 5, William Carrier 5) at 0:35
6. Tucson Roadrunners , Justin Danforth 3 (Matthew Highmore 1, Rocco Grimaldi 6) at 15:59
Penalties :
Ryan Merkley (ABH) for Cross-checking (Minor) at 0:38, Nick Seeler (TRR) for Tripping (Minor) at 2:48
Goalie Stats
Martin Jones (TRR), 32 saves from 34 shots - (0.941), W, 4-1-2, 60:00 minutes
Pheonix Copley (ABH), 32 saves from 36 shots - (0.889), L, 0-5-0, 60:00 minutes
Players Stats for Tucson Roadrunners
Player Name G A P +/- PIM S H SB GA TA FO MP PP MP PK MP
------------------------------------------------------------------------------------
Cameron Hughes 0 0 0 0 0 0 0 0 0 0 0/0 3:08 0:00 0:00
Carson Soucy 0 0 0 0 0 1 1 0 0 0 0/0 26:06 2:35 6:34
Jonathan Dahlen 0 0 0 0 0 2 0 0 0 0 1/3 9:46 0:00 3:39
Justin Danforth 1 0 1 0 0 3 3 1 1 1 8/14 15:42 1:58 0:00
Marian Studenic 1 0 1 2 0 2 0 1 0 0 1/1 10:51 0:00 0:00
Matthew Highmore 0 1 1 0 0 0 4 0 0 0 0/0 17:25 1:58 1:08
Matthew Nieto 0 0 0 0 0 6 0 0 2 1 0/0 21:57 2:08 5:49
Mikhail Maltsev 0 0 0 0 0 0 0 0 0 0 2/2 5:46 0:00 0:14
Nick Seeler 0 0 0 1 2 1 0 1 0 0 0/0 14:53 0:00 0:44
Nicolas Meloche 0 0 0 1 2 1 1 3 0 0 0/0 19:17 1:31 4:13
Radim Simek 0 0 0 1 0 1 2 1 0 1 0/0 13:44 0:00 0:00
Riley Nash 0 1 1 0 2 3 2 0 1 0 1/1 19:37 2:08 3:42
Robert Hagg 1 1 2 0 0 3 0 1 0 2 0/0 26:07 2:35 6:34
Rocco Grimaldi 0 1 1 0 0 4 4 1 1 0 0/0 19:08 1:58 3:31
Scott Reedy 1 1 2 2 2 2 0 0 1 0 2/2 11:24 0:00 0:18
Simon Benoit 0 0 0 1 0 0 1 0 0 0 0/0 19:35 1:31 4:57
William Carrier 0 2 2 2 2 3 3 0 0 0 1/1 10:59 0:00 0:00
Zemgus Girgensons 0 1 1 0 2 4 1 2 0 0 14/28 22:58 2:08 4:41
Players Stats for Abbotsford Heat
Player Name G A P +/- PIM S H SB GA TA FO MP PP MP PK MP
------------------------------------------------------------------------------------
Alex Limoges 0 0 0 0 0 1 2 0 0 0 0/0 15:25 5:05 0:00
Benoit-Olivier Groulx 0 0 0 -2 0 2 2 2 0 0 1/3 12:42 0:00 1:03
Cole Sillinger 0 0 0 0 0 2 3 0 1 0 4/10 17:54 5:05 2:00
Daniil Miromanov 0 0 0 -1 0 0 2 0 0 0 0/0 19:17 5:05 1:34
Denis Malgin 0 0 0 0 0 0 1 0 0 0 0/0 8:14 0:05 0:00
Dennis Gilbert 0 0 0 1 2 0 4 0 0 2 0/0 23:12 4:53 1:05
Filip Chlapik 0 0 0 0 0 0 1 0 0 0 0/0 8:34 0:00 0:47
Gabriel Fortier 0 1 1 -2 0 6 7 1 2 0 0/0 12:42 0:05 0:00
Jacob Peterson 0 0 0 0 0 4 1 0 0 0 1/2 8:30 0:00 1:03
Lane Pederson 0 0 0 0 0 2 4 0 0 0 0/0 20:00 6:21 0:00
Mathias Laferriere 0 0 0 -2 0 0 1 0 0 0 0/0 13:54 0:00 1:11
Michael Anderson 0 0 0 -2 0 2 2 5 0 0 0/0 29:45 6:32 2:33
Rafael Harvey-Pinard 0 0 0 0 0 2 1 0 0 0 0/1 20:00 6:21 0:00
Ryan Merkley 1 0 1 -2 2 7 3 1 0 4 0/0 25:00 6:37 1:06
Shane Pinto 0 0 0 0 0 0 0 0 0 0 0/1 2:32 0:22 0:08
Vincent Desharnais 0 0 0 -1 0 0 2 1 0 0 0/0 24:02 4:54 1:40
Wyatt Newpower 0 1 1 1 0 0 2 0 1 0 0/0 12:26 0:06 0:14
Yakov Trenin 1 1 2 0 0 6 7 1 1 0 16/35 21:42 6:03 2:00
3 Stars
1 - Yakov Trenin (ABH)
2 - Scott Reedy (TRR)
3 - Marian Studenic (TRR)
Power Play
Tucson Roadrunners - 1 on 4 Attempt(s) - 25.00%
Abbotsford Heat - 1 on 5 Attempt(s) - 20.00%
Penalty Kill
Tucson Roadrunners - 4 on 5 Attempt(s) - 80.00%
- Score 0 goal in Penalty Kill
Abbotsford Heat - 3 on 4 Attempt(s) - 75.00%
- Score 0 goal in Penalty Kill
Team Stat
Tucson Roadrunners - Hits : 22 - Faceoff Wins : 30 - Blocked Shots : 11 - Penalty Minutes : 12
Abbotsford Heat - Hits : 45 - Faceoff Wins : 22 - Blocked Shots : 11 - Penalty Minutes : 6
Official
Referees : Tom Kowal and Eric Furlatt
Linesman : Ryan Gibbons and Ryan Galloway
Game Notes
11:53 of 1st period - Penalty Shot by Yakov Trenin for Abbotsford Heat - Stopped by Martin Jones
Tucson Roadrunners
5 vs 5 Forward
Center Left Wing Right Wing Time % Phy DF OF
1 Zemgus Girgensons Matthew Nieto Riley Nash 40 1 2 2
2 Justin Danforth Rocco Grimaldi Matthew Highmore 30 1 2 2
3 Scott Reedy William Carrier Marian Studenic 20 1 2 2
4 Mikhail Maltsev Jonathan Dahlen Zemgus Girgensons 10 1 2 2
5 vs 5 Defense
Defense Defense Time % Phy DF OF
1 Carson Soucy Robert Hagg 40 1 3 1
2 Nicolas Meloche Simon Benoit 33 1 3 1
3 Radim Simek Nick Seeler 23 1 3 1
4 Carson Soucy Robert Hagg 4 1 3 1
PowerPlay Forward
Center Left Wing Right Wing Time % Phy DF OF
1 Zemgus Girgensons Matthew Nieto Riley Nash 60 0 2 3
2 Justin Danforth Rocco Grimaldi Matthew Highmore 40 0 2 3
PowerPlay Defense
Defense Defense Time % Phy DF OF
1 Carson Soucy Robert Hagg 55 1 3 1
2 Nicolas Meloche Simon Benoit 45 2 2 1
Penalty Kill 4 Players Forward
Center Wing Time % Phy DF OF
1 Zemgus Girgensons Matthew Nieto 60 1 2 2
2 Riley Nash Rocco Grimaldi 40 1 2 2
Penalty Kill 4 Players Defense
Defense Defense Time % Phy DF OF
1 Carson Soucy Robert Hagg 60 1 2 2
2 Nicolas Meloche Simon Benoit 40 1 2 2
Penalty Kill - 3 Players Forward
Forward Time % Phy DF OF
1 Zemgus Girgensons 60 1 2 2
2 Matthew Nieto 40 1 2 2
Penalty Kill - 3 Players Defense
Defense Defense Time % Phy DF OF
1 Carson Soucy Robert Hagg 60 1 2 2
2 Nicolas Meloche Simon Benoit 40 1 2 2
4 vs 4 Forward
Center Wing Time % Phy DF OF
1 Zemgus Girgensons Matthew Nieto 60 1 2 2
2 Riley Nash Rocco Grimaldi 40 1 2 2
4 vs 4 Defense
Defense Defense Time % Phy DF OF
1 Carson Soucy Robert Hagg 60 1 2 2
2 Nicolas Meloche Simon Benoit 40 1 2 2
Last Minutes Offensive
Center Left Wing Right Wing Defense Defense
Zemgus Girgensons Matthew Nieto Riley Nash Carson Soucy Robert Hagg
Last Minutes Defensive
Center Left Wing Right Wing Defense Defense
Zemgus Girgensons Matthew Nieto Riley Nash Carson Soucy Robert Hagg
Goaltenders
Starting : Martin Jones
Backup : Arturs Silovs
Extra Forwards
Normal : Cameron Hughes, William Carrier, Jonathan Dahlen - PP : Cameron Hughes, William Carrier - PK : Jonathan Dahlen
Extra Defensemen
Normal : Radim Simek, Nick Seeler, Nicolas Meloche - PP : Radim Simek - PK : Nick Seeler, Nicolas Meloche
Penalty Shots
Zemgus Girgensons, Matthew Nieto, Riley Nash, Rocco Grimaldi, William Carrier
Abbotsford Heat
5 vs 5 Forward
Center Left Wing Right Wing Time % Phy DF OF
1 Yakov Trenin Rafael Harvey-Pinard Lane Pederson 40 1 2 2
2 Cole Sillinger Alex Limoges Daniil Miromanov 30 1 2 2
3 Benoit-Olivier Groulx Gabriel Fortier Mathias Laferriere 20 1 2 2
4 Jacob Peterson Filip Chlapik Denis Malgin 10 1 2 2
5 vs 5 Defense
Defense Defense Time % Phy DF OF
1 Michael Anderson Ryan Merkley 40 1 2 2
2 Vincent Desharnais Dennis Gilbert 30 1 2 2
3 Wyatt Newpower Michael Anderson 20 1 2 2
4 Ryan Merkley Vincent Desharnais 10 1 2 2
PowerPlay Forward
Center Left Wing Right Wing Time % Phy DF OF
1 Yakov Trenin Rafael Harvey-Pinard Lane Pederson 60 1 2 2
2 Cole Sillinger Alex Limoges Daniil Miromanov 40 1 2 2
PowerPlay Defense
Defense Defense Time % Phy DF OF
1 Michael Anderson Ryan Merkley 60 1 2 2
2 Vincent Desharnais Dennis Gilbert 40 1 2 2
Penalty Kill 4 Players Forward
Center Wing Time % Phy DF OF
1 Yakov Trenin Cole Sillinger 60 1 2 2
2 Benoit-Olivier Groulx Jacob Peterson 40 1 2 2
Penalty Kill 4 Players Defense
Defense Defense Time % Phy DF OF
1 Michael Anderson Ryan Merkley 60 1 2 2
2 Vincent Desharnais Dennis Gilbert 40 1 2 2
Penalty Kill - 3 Players Forward
Forward Time % Phy DF OF
1 Yakov Trenin 60 1 2 2
2 Cole Sillinger 40 1 2 2
Penalty Kill - 3 Players Defense
Defense Defense Time % Phy DF OF
1 Michael Anderson Ryan Merkley 60 1 2 2
2 Vincent Desharnais Dennis Gilbert 40 1 2 2
4 vs 4 Forward
Center Wing Time % Phy DF OF
1 Yakov Trenin Cole Sillinger 60 1 2 2
2 Benoit-Olivier Groulx Jacob Peterson 40 1 2 2
4 vs 4 Defense
Defense Defense Time % Phy DF OF
1 Michael Anderson Ryan Merkley 60 1 2 2
2 Vincent Desharnais Dennis Gilbert 40 1 2 2
Last Minutes Offensive
Center Left Wing Right Wing Defense Defense
Yakov Trenin Rafael Harvey-Pinard Lane Pederson Michael Anderson Ryan Merkley
Last Minutes Defensive
Center Left Wing Right Wing Defense Defense
Yakov Trenin Rafael Harvey-Pinard Lane Pederson Michael Anderson Ryan Merkley
Goaltenders
Starting : Pheonix Copley
Backup : Dustin Wolf
Extra Forwards
Normal : Shane Pinto, Gabriel Fortier, Mathias Laferriere - PP : Shane Pinto, Gabriel Fortier - PK : Mathias Laferriere
Extra Defensemen
Normal : Wyatt Newpower, Daniil Miromanov, Dennis Gilbert - PP : Wyatt Newpower - PK : Daniil Miromanov, Dennis Gilbert
Penalty Shots
Yakov Trenin, Cole Sillinger, Benoit-Olivier Groulx, Jacob Peterson, Rafael Harvey-Pinard
% Time on Ice - Tucson Roadrunners
Lines # - Real PCT - Wanted PCT - Time Play
Normal Forward
1 - 32% - 40% - 14:01
2 - 32% - 30% - 13:59
3 - 24% - 20% - 10:51
4 - 12% - 10% - 5:32
Normal Defense
1 - 39% - 40% - 17:16
2 - 30% - 33% - 13:15
3 - 31% - 23% - 13:44
4 - 0% - 4% - 0:08
PP Forward
1 - 52% - 60% - 2:08
2 - 48% - 40% - 1:58
PP Defense
1 - 63% - 55% - 2:35
2 - 37% - 45% - 1:31
PK Forward
1 - 69% - 60% - 8:00
2 - 31% - 40% - 3:31
PK Defense
1 - 57% - 60% - 6:34
2 - 43% - 40% - 4:57
PK3 Forward
1 - 0% - 60%
2 - 0% - 40%
PK3 Defense
1 - 0% - 60%
2 - 0% - 40%
44 Forward
1 - 0% - 60%
2 - 0% - 40%
44 Defense
1 - 0% - 60%
2 - 0% - 40%
Last Minute Offensive - 0:00
Last Minute Defensive - 0:00
Total
Forward - 60:00
Defense - 60:00
|
% Time on Ice - Abbotsford Heat
Lines # - Real PCT - Wanted PCT - Time Play
Normal Forward
1 - 32% - 40% - 13:59
2 - 25% - 30% - 11:18
3 - 26% - 20% - 11:39
4 - 17% - 10% - 7:27
Normal Defense
1 - 35% - 40% - 15:42
2 - 34% - 30% - 15:09
3 - 22% - 20% - 9:58
4 - 8% - 10% - 3:34
PP Forward
1 - 55% - 60% - 6:21
2 - 45% - 40% - 5:10
PP Defense
1 - 57% - 60% - 6:37
2 - 43% - 40% - 4:54
PK Forward
1 - 74% - 60% - 3:03
2 - 26% - 40% - 1:03
PK Defense
1 - 57% - 60% - 2:19
2 - 43% - 40% - 1:47
PK3 Forward
1 - 0% - 60%
2 - 0% - 40%
PK3 Defense
1 - 0% - 60%
2 - 0% - 40%
44 Forward
1 - 0% - 60%
2 - 0% - 40%
44 Defense
1 - 0% - 60%
2 - 0% - 40%
Last Minute Offensive - 0:00
Last Minute Defensive - 0:00
Total
Forward - 60:00
Defense - 60:00
|
Play-by-Play
1st period
0:01 of 1st period - Zemgus Girgensons wins face-off versus Yakov Trenin in neutral zone.
0:12 of 1st period - Snap shot by Zemgus Girgensons.
0:12 of 1st period - Stopped by Pheonix Copley with a rebound.
0:33 of 1st period - Wrist shot by Cole Sillinger.
0:33 of 1st period - Stopped by Martin Jones with a rebound.
1:05 of 1st period - Minor Penalty to Dennis Gilbert for Tripping.
1:06 of 1st period - Zemgus Girgensons wins face-off versus Yakov Trenin in Abbotsford Heat zone.
1:09 of 1st period - Snap shot by Zemgus Girgensons.
1:09 of 1st period - Shot Blocked by Michael Anderson.
1:11 of 1st period - Slapshot by Zemgus Girgensons.
1:11 of 1st period - Shot Blocked by Michael Anderson.
1:13 of 1st period - Slapshot by Robert Hagg.
1:13 of 1st period - Goal by Robert Hagg - Tucson Roadrunners : 1 - Abbotsford Heat : 0.
1:14 of 1st period - Zemgus Girgensons wins face-off versus Yakov Trenin in neutral zone.
1:17 of 1st period - Wrist shot by Matthew Nieto.
1:17 of 1st period - Stopped by Pheonix Copley without a rebound.
1:18 of 1st period - Zemgus Girgensons wins face-off versus Yakov Trenin in Abbotsford Heat zone.
1:49 of 1st period - Michael Anderson is hit by Radim Simek and loses puck.
1:56 of 1st period - Snap shot by Rocco Grimaldi.
1:56 of 1st period - Shot Blocked by Michael Anderson.
2:18 of 1st period - Snap shot by Scott Reedy.
2:18 of 1st period - Deflect By Marian Studenic.
2:18 of 1st period - Stopped by Pheonix Copley without a rebound.
2:19 of 1st period - Mikhail Maltsev wins face-off versus Yakov Trenin in Abbotsford Heat zone.
2:22 of 1st period - Wrist shot by Zemgus Girgensons.
2:22 of 1st period - Stopped by Pheonix Copley without a rebound.
2:23 of 1st period - Mikhail Maltsev wins face-off versus Yakov Trenin in Abbotsford Heat zone.
2:24 of 1st period - Snap shot by Jonathan Dahlen.
2:24 of 1st period - Stopped by Pheonix Copley with a rebound.
2:56 of 1st period - Zemgus Girgensons is hit by Gabriel Fortier and loses puck.
4:01 of 1st period - Zemgus Girgensons is hit by Yakov Trenin and loses puck.
4:12 of 1st period - Benoit-Olivier Groulx is hit by Matthew Highmore and loses puck.
4:29 of 1st period - Michael Anderson is hit by Simon Benoit.
5:31 of 1st period - Snap shot by Rafael Harvey-Pinard.
5:31 of 1st period - Shot Blocked by Nick Seeler.
5:33 of 1st period - Snap shot by Michael Anderson.
5:33 of 1st period - Shot Blocked by Marian Studenic.
6:21 of 1st period - Simon Benoit is hit by Dennis Gilbert and loses puck.
6:43 of 1st period - Zemgus Girgensons is hit by Dennis Gilbert and loses puck.
6:58 of 1st period - Mathias Laferriere is hit by Radim Simek and loses puck.
7:23 of 1st period - Wrist shot by William Carrier.
7:23 of 1st period - Stopped by Pheonix Copley with a rebound.
7:42 of 1st period - Yakov Trenin is hit by Justin Danforth.
7:46 of 1st period - Simon Benoit is hit by Yakov Trenin and loses puck.
7:59 of 1st period - Matthew Nieto is hit by Gabriel Fortier and loses puck.
8:06 of 1st period - Snap shot by Gabriel Fortier.
8:06 of 1st period - Stopped by Martin Jones with a rebound.
8:18 of 1st period - Radim Simek is hit by Jacob Peterson and loses puck.
8:36 of 1st period - Alex Limoges is hit by Rocco Grimaldi and loses puck.
8:51 of 1st period - Matthew Nieto is hit by Yakov Trenin and loses puck.
9:02 of 1st period - Michael Anderson is hit by Carson Soucy and loses puck.
9:13 of 1st period - Nicolas Meloche is hit by Ryan Merkley.
9:54 of 1st period - Justin Danforth is hit by Lane Pederson and loses puck.
10:38 of 1st period - Radim Simek is hit by Wyatt Newpower and loses puck.
11:01 of 1st period - Wrist shot by Matthew Nieto.
11:01 of 1st period - Stopped by Pheonix Copley with a rebound.
11:03 of 1st period - Snap shot by Riley Nash.
11:03 of 1st period - Shot Blocked by Benoit-Olivier Groulx.
11:05 of 1st period - Slapshot by Riley Nash.
11:05 of 1st period - Shot Misses the Net.
11:07 of 1st period - Wrist shot by Radim Simek.
11:07 of 1st period - Stopped by Pheonix Copley with a rebound.
11:17 of 1st period - Wrist shot by Riley Nash.
11:17 of 1st period - Stopped by Pheonix Copley without a rebound.
11:18 of 1st period - Yakov Trenin wins face-off versus Justin Danforth in Abbotsford Heat zone.
11:18 of 1st period - Yakov Trenin is hit by Justin Danforth.
11:24 of 1st period - Snap shot by Ryan Merkley.
11:24 of 1st period - Stopped by Martin Jones with a rebound.
11:32 of 1st period - Snap shot by Matthew Highmore.
11:32 of 1st period - Shot Misses the Net.
11:34 of 1st period - Wrist shot by Rocco Grimaldi.
11:34 of 1st period - Shot Blocked by Ryan Merkley.
11:45 of 1st period - Minor Penalty to William Carrier for Slashing.
11:46 of 1st period - Zemgus Girgensons wins face-off versus Yakov Trenin in Tucson Roadrunners zone.
11:53 of 1st period - Penalty Shot by Yakov Trenin for Abbotsford Heat.
11:53 of 1st period - Wrist shot by Yakov Trenin.
11:53 of 1st period - Stopped by Martin Jones.
11:54 of 1st period - Zemgus Girgensons wins face-off versus Yakov Trenin in Abbotsford Heat zone.
13:45 of 1st period - Penalty to William Carrier is over, William Carrier is back on ice.
13:51 of 1st period - Slapshot by William Carrier.
13:51 of 1st period - Shot Misses the Net.
13:53 of 1st period - Snap shot by Robert Hagg.
13:53 of 1st period - Deflect By Yakov Trenin.
13:53 of 1st period - Stopped by Pheonix Copley without a rebound.
13:54 of 1st period - Justin Danforth wins face-off versus Benoit-Olivier Groulx in Abbotsford Heat zone.
13:55 of 1st period - Wrist shot by Rocco Grimaldi.
13:55 of 1st period - Stopped by Pheonix Copley without a rebound.
13:56 of 1st period - Benoit-Olivier Groulx wins face-off versus Justin Danforth in Abbotsford Heat zone.
14:40 of 1st period - Minor Penalty to Riley Nash for Hooking.
14:41 of 1st period - Zemgus Girgensons wins face-off versus Yakov Trenin in Tucson Roadrunners zone.
15:02 of 1st period - Zemgus Girgensons is hit by Yakov Trenin and loses puck.
16:40 of 1st period - Penalty to Riley Nash is over, Riley Nash is back on ice.
16:45 of 1st period - Robert Hagg is hit by Ryan Merkley and loses puck.
17:02 of 1st period - Slapshot by Gabriel Fortier.
17:02 of 1st period - Shot Misses the Net.
17:14 of 1st period - Dennis Gilbert is hit by Matthew Highmore and loses puck.
17:19 of 1st period - Snap shot by Justin Danforth.
17:19 of 1st period - Shot Hit the Post.
18:21 of 1st period - Ryan Merkley is hit by Nicolas Meloche and loses puck.
19:15 of 1st period - Rafael Harvey-Pinard is hit by Riley Nash and loses puck.
19:43 of 1st period - Carson Soucy is hit by Daniil Miromanov and loses puck.
19:59 of 1st period - Nick Seeler is hit by Gabriel Fortier and loses puck.
Goals for this period are 1 for Tucson Roadrunners vs 0 for Abbotsford Heat.
Shots for this period are 12 for Tucson Roadrunners vs 3 for Abbotsford Heat.
2nd period
0:01 of 2nd period - Yakov Trenin wins face-off versus Zemgus Girgensons in neutral zone.
0:04 of 2nd period - Slapshot by Michael Anderson.
0:04 of 2nd period - Stopped by Martin Jones with a rebound.
0:06 of 2nd period - Snap shot by Yakov Trenin.
0:06 of 2nd period - Shot Blocked by Zemgus Girgensons.
0:08 of 2nd period - Snap shot by Ryan Merkley.
0:08 of 2nd period - Stopped by Martin Jones without a rebound.
0:09 of 2nd period - Yakov Trenin wins face-off versus Zemgus Girgensons in Tucson Roadrunners zone.
0:10 of 2nd period - Slapshot by Rafael Harvey-Pinard.
0:10 of 2nd period - Shot Misses the Net.
0:12 of 2nd period - Wrist shot by Yakov Trenin.
0:12 of 2nd period - Shot Misses the Net.
0:14 of 2nd period - Snap shot by Rafael Harvey-Pinard.
0:14 of 2nd period - Stopped by Martin Jones without a rebound.
0:15 of 2nd period - Yakov Trenin wins face-off versus Zemgus Girgensons in Tucson Roadrunners zone.
0:28 of 2nd period - Snap shot by Yakov Trenin.
0:28 of 2nd period - Stopped by Martin Jones with a rebound.
0:30 of 2nd period - Slapshot by Ryan Merkley.
0:30 of 2nd period - Deflect By Nicolas Meloche.
0:30 of 2nd period - Stopped by Martin Jones without a rebound.
0:31 of 2nd period - Justin Danforth wins face-off versus Cole Sillinger in Tucson Roadrunners zone.
0:37 of 2nd period - Minor Penalty to Nicolas Meloche for Interference.
0:38 of 2nd period - Zemgus Girgensons wins face-off versus Yakov Trenin in Tucson Roadrunners zone.
1:04 of 2nd period - Carson Soucy is hit by Cole Sillinger and loses puck.
1:17 of 2nd period - Simon Benoit is hit by Cole Sillinger and loses puck.
1:54 of 2nd period - Cole Sillinger is hit by Zemgus Girgensons and loses puck.
2:37 of 2nd period - Penalty to Nicolas Meloche is over, Nicolas Meloche is back on ice.
2:48 of 2nd period - Benoit-Olivier Groulx is hit by William Carrier.
2:54 of 2nd period - Mathias Laferriere is hit by William Carrier.
3:09 of 2nd period - Snap shot by Rocco Grimaldi.
3:09 of 2nd period - Shot Blocked by Gabriel Fortier.
3:11 of 2nd period - Snap shot by Nicolas Meloche.
3:11 of 2nd period - Stopped by Pheonix Copley without a rebound.
3:12 of 2nd period - Jacob Peterson wins face-off versus Justin Danforth in Abbotsford Heat zone.
3:19 of 2nd period - Nick Seeler is hit by Ryan Merkley and loses puck.
3:28 of 2nd period - Slapshot by Jacob Peterson.
3:28 of 2nd period - Stopped by Martin Jones with a rebound.
3:38 of 2nd period - Robert Hagg is hit by Michael Anderson and loses puck.
3:47 of 2nd period - Yakov Trenin is hit by Riley Nash and loses puck.
4:05 of 2nd period - Slapshot by Scott Reedy.
4:05 of 2nd period - Deflect By William Carrier.
4:05 of 2nd period - Shot Misses the Net.
4:05 of 2nd period - Puck is out of play.
4:06 of 2nd period - Cole Sillinger wins face-off versus Zemgus Girgensons in Abbotsford Heat zone.
4:21 of 2nd period - Snap shot by Matthew Nieto.
4:21 of 2nd period - Stopped by Pheonix Copley with a rebound.
4:33 of 2nd period - Riley Nash is hit by Denis Malgin and loses puck.
4:42 of 2nd period - Wrist shot by Zemgus Girgensons.
4:42 of 2nd period - Shot Misses the Net.
4:48 of 2nd period - Slapshot by Zemgus Girgensons.
4:48 of 2nd period - Shot Misses the Net.
4:58 of 2nd period - Slapshot by Matthew Nieto.
4:58 of 2nd period - Stopped by Pheonix Copley without a rebound.
4:59 of 2nd period - Justin Danforth wins face-off versus Yakov Trenin in Abbotsford Heat zone.
5:00 of 2nd period - Snap shot by Rocco Grimaldi.
5:00 of 2nd period - Shot Misses the Net.
5:08 of 2nd period - Wrist shot by Lane Pederson.
5:08 of 2nd period - Shot Misses the Net.
5:24 of 2nd period - Radim Simek is hit by Gabriel Fortier and loses puck.
5:33 of 2nd period - Scott Reedy is hit by Gabriel Fortier and loses puck.
6:02 of 2nd period - Snap shot by Yakov Trenin.
6:02 of 2nd period - Stopped by Martin Jones without a rebound.
6:03 of 2nd period - Justin Danforth wins face-off versus Yakov Trenin in Tucson Roadrunners zone.
6:12 of 2nd period - Wrist shot by Rocco Grimaldi.
6:12 of 2nd period - Stopped by Pheonix Copley without a rebound.
6:13 of 2nd period - Yakov Trenin wins face-off versus Justin Danforth in Abbotsford Heat zone.
6:18 of 2nd period - Slapshot by Yakov Trenin.
6:18 of 2nd period - Stopped by Martin Jones with a rebound.
6:20 of 2nd period - Slapshot by Ryan Merkley.
6:20 of 2nd period - Deflect By Rafael Harvey-Pinard.
6:20 of 2nd period - Shot Misses the Net.
6:20 of 2nd period - Puck is out of play.
6:21 of 2nd period - Yakov Trenin wins face-off versus Justin Danforth in Tucson Roadrunners zone.
6:22 of 2nd period - Wrist shot by Rafael Harvey-Pinard.
6:22 of 2nd period - Shot Misses the Net.
6:34 of 2nd period - Slapshot by Michael Anderson.
6:34 of 2nd period - Shot Blocked by Rocco Grimaldi.
6:51 of 2nd period - Carson Soucy is hit by Vincent Desharnais and loses puck.
7:30 of 2nd period - Snap shot by Yakov Trenin.
7:30 of 2nd period - Shot Misses the Net.
7:50 of 2nd period - Slapshot by Michael Anderson.
7:50 of 2nd period - Shot Blocked by Zemgus Girgensons.
7:52 of 2nd period - Snap shot by Ryan Merkley.
7:52 of 2nd period - Stopped by Martin Jones with a rebound.
7:56 of 2nd period - Snap shot by Jacob Peterson.
7:56 of 2nd period - Stopped by Martin Jones with a rebound.
8:08 of 2nd period - Simon Benoit is hit by Vincent Desharnais and loses puck.
8:23 of 2nd period - William Carrier is hit by Wyatt Newpower and loses puck.
8:46 of 2nd period - Snap shot by Yakov Trenin.
8:46 of 2nd period - Goal by Yakov Trenin - Tucson Roadrunners : 1 - Abbotsford Heat : 1.
8:47 of 2nd period - Zemgus Girgensons wins face-off versus Yakov Trenin in neutral zone.
8:49 of 2nd period - Minor Penalty to Zemgus Girgensons for Hooking.
8:50 of 2nd period - Yakov Trenin wins face-off versus Jonathan Dahlen in Tucson Roadrunners zone.
9:25 of 2nd period - Snap shot by Cole Sillinger.
9:25 of 2nd period - Shot Misses the Net.
9:27 of 2nd period - Wrist shot by Ryan Merkley.
9:27 of 2nd period - Deflect By Cole Sillinger.
9:27 of 2nd period - Stopped by Martin Jones with a rebound.
9:29 of 2nd period - Slapshot by Michael Anderson.
9:29 of 2nd period - Stopped by Martin Jones without a rebound.
9:30 of 2nd period - Yakov Trenin wins face-off versus Jonathan Dahlen in Tucson Roadrunners zone.
9:53 of 2nd period - Slapshot by Ryan Merkley.
9:53 of 2nd period - Stopped by Martin Jones without a rebound.
9:54 of 2nd period - Jonathan Dahlen wins face-off versus Cole Sillinger in Tucson Roadrunners zone.
10:11 of 2nd period - Snap shot by Yakov Trenin.
10:11 of 2nd period - Stopped by Martin Jones without a rebound.
10:12 of 2nd period - Riley Nash wins face-off versus Yakov Trenin in Tucson Roadrunners zone.
10:25 of 2nd period - Backhand shot by Ryan Merkley.
10:25 of 2nd period - Goal by Ryan Merkley - Tucson Roadrunners : 1 - Abbotsford Heat : 2.
10:26 of 2nd period - Zemgus Girgensons wins face-off versus Yakov Trenin in neutral zone.
10:50 of 2nd period - Icing by Robert Hagg.
10:51 of 2nd period - Justin Danforth wins face-off versus Cole Sillinger in Tucson Roadrunners zone.
10:58 of 2nd period - Snap shot by Riley Nash.
10:58 of 2nd period - Deflect By Zemgus Girgensons.
10:58 of 2nd period - Stopped by Pheonix Copley with a rebound.
12:07 of 2nd period - Snap shot by Ryan Merkley.
12:07 of 2nd period - Deflect By Jacob Peterson.
12:07 of 2nd period - Shot Misses the Net.
12:07 of 2nd period - Puck is out of play.
12:08 of 2nd period - Yakov Trenin wins face-off versus Zemgus Girgensons in Tucson Roadrunners zone.
12:15 of 2nd period - Snap shot by Carson Soucy.
12:15 of 2nd period - Deflect By Zemgus Girgensons.
12:15 of 2nd period - Shot Misses the Net.
12:15 of 2nd period - Puck is out of play.
12:16 of 2nd period - Yakov Trenin wins face-off versus Zemgus Girgensons in Abbotsford Heat zone.
12:29 of 2nd period - Slapshot by Carson Soucy.
12:29 of 2nd period - Shot Hit the Post.
12:31 of 2nd period - Wrist shot by Riley Nash.
12:31 of 2nd period - Stopped by Pheonix Copley with a rebound.
12:51 of 2nd period - Wrist shot by Rocco Grimaldi.
12:51 of 2nd period - Deflect By Cole Sillinger.
12:51 of 2nd period - Stopped by Pheonix Copley without a rebound.
12:52 of 2nd period - Cole Sillinger wins face-off versus Zemgus Girgensons in Abbotsford Heat zone.
13:01 of 2nd period - Snap shot by Daniil Miromanov.
13:01 of 2nd period - Shot Misses the Net.
13:03 of 2nd period - Wrist shot by Daniil Miromanov.
13:03 of 2nd period - Shot Blocked by Nicolas Meloche.
13:05 of 2nd period - Slapshot by Michael Anderson.
13:05 of 2nd period - Shot Misses the Net.
13:07 of 2nd period - Snap shot by Ryan Merkley.
13:07 of 2nd period - Deflect By Matthew Nieto.
13:07 of 2nd period - Stopped by Martin Jones with a rebound.
13:17 of 2nd period - Michael Anderson is hit by Justin Danforth and loses puck.
13:44 of 2nd period - Snap shot by William Carrier.
13:44 of 2nd period - Stopped by Pheonix Copley with a rebound.
13:46 of 2nd period - Wrist shot by Scott Reedy.
13:46 of 2nd period - Shot Misses the Net.
13:48 of 2nd period - Slapshot by Robert Hagg.
13:48 of 2nd period - Deflect By Scott Reedy.
13:48 of 2nd period - Goal by Scott Reedy - Tucson Roadrunners : 2 - Abbotsford Heat : 2.
13:49 of 2nd period - Zemgus Girgensons wins face-off versus Yakov Trenin in neutral zone.
14:05 of 2nd period - Snap shot by Yakov Trenin.
14:05 of 2nd period - Stopped by Martin Jones without a rebound.
14:06 of 2nd period - Justin Danforth wins face-off versus Cole Sillinger in Tucson Roadrunners zone.
14:33 of 2nd period - Simon Benoit is hit by Lane Pederson and loses puck.
14:42 of 2nd period - Slapshot by Rafael Harvey-Pinard.
14:42 of 2nd period - Stopped by Martin Jones with a rebound.
14:58 of 2nd period - Wrist shot by William Carrier.
14:58 of 2nd period - Stopped by Pheonix Copley without a rebound.
14:58 of 2nd period - Minor Penalty to Pheonix Copley for Slashing.
14:59 of 2nd period - Yakov Trenin wins face-off versus Zemgus Girgensons in Abbotsford Heat zone.
15:24 of 2nd period - Ryan Merkley is hit by Rocco Grimaldi and loses puck.
16:58 of 2nd period - Penalty to Dennis Gilbert is over, Dennis Gilbert is back on ice.
17:11 of 2nd period - Minor Penalty to Scott Reedy for Holding Stick.
17:12 of 2nd period - Yakov Trenin wins face-off versus Zemgus Girgensons in Tucson Roadrunners zone.
17:12 of 2nd period - Wrist shot by Lane Pederson.
17:12 of 2nd period - Shot Blocked by Nicolas Meloche.
17:22 of 2nd period - Slapshot by Lane Pederson.
17:22 of 2nd period - Stopped by Martin Jones with a rebound.
17:36 of 2nd period - Vincent Desharnais is hit by Rocco Grimaldi and loses puck.
19:11 of 2nd period - Penalty to Scott Reedy is over, Scott Reedy is back on ice.
19:48 of 2nd period - Backhand shot by Jacob Peterson.
19:48 of 2nd period - Stopped by Martin Jones with a rebound.
Goals for this period are 1 for Tucson Roadrunners vs 2 for Abbotsford Heat.
Shots for this period are 10 for Tucson Roadrunners vs 21 for Abbotsford Heat.
3rd period
0:01 of 3rd period - Zemgus Girgensons wins face-off versus Rafael Harvey-Pinard in neutral zone.
0:08 of 3rd period - Wrist shot by Matthew Nieto.
0:08 of 3rd period - Stopped by Pheonix Copley with a rebound.
0:12 of 3rd period - Backhand shot by Zemgus Girgensons.
0:12 of 3rd period - Stopped by Pheonix Copley with a rebound.
0:14 of 3rd period - Slapshot by Matthew Nieto.
0:14 of 3rd period - Shot Blocked by Yakov Trenin.
0:16 of 3rd period - Wrist shot by Robert Hagg.
0:16 of 3rd period - Stopped by Pheonix Copley with a rebound.
0:26 of 3rd period - Ryan Merkley is hit by William Carrier and loses puck.
0:33 of 3rd period - Slapshot by Scott Reedy.
0:33 of 3rd period - Stopped by Pheonix Copley with a rebound.
0:35 of 3rd period - Wrist shot by Marian Studenic.
0:35 of 3rd period - Goal by Marian Studenic - Tucson Roadrunners : 3 - Abbotsford Heat : 2.
0:36 of 3rd period - Cole Sillinger wins face-off versus Zemgus Girgensons in neutral zone.
0:38 of 3rd period - Minor Penalty to Ryan Merkley for Cross-checking.
0:39 of 3rd period - Yakov Trenin wins face-off versus Zemgus Girgensons in Abbotsford Heat zone.
0:51 of 3rd period - Wrist shot by Cole Sillinger.
0:51 of 3rd period - Shot Misses the Net.
2:28 of 3rd period - Carson Soucy is hit by Dennis Gilbert and loses puck.
2:38 of 3rd period - Penalty to Ryan Merkley is over, Ryan Merkley is back on ice.
2:48 of 3rd period - Minor Penalty to Nick Seeler for Tripping.
2:49 of 3rd period - Yakov Trenin wins face-off versus Zemgus Girgensons in Tucson Roadrunners zone.
3:04 of 3rd period - Robert Hagg is hit by Lane Pederson and loses puck.
3:23 of 3rd period - Snap shot by Riley Nash.
3:23 of 3rd period - Stopped by Pheonix Copley with a rebound.
3:33 of 3rd period - Zemgus Girgensons is hit by Lane Pederson and loses puck.
4:25 of 3rd period - Riley Nash is hit by Rafael Harvey-Pinard and loses puck.
4:48 of 3rd period - Penalty to Nick Seeler is over, Nick Seeler is back on ice.
4:54 of 3rd period - Carson Soucy is hit by Gabriel Fortier and loses puck.
5:01 of 3rd period - Slapshot by Benoit-Olivier Groulx.
5:01 of 3rd period - Shot Misses the Net.
5:09 of 3rd period - Slapshot by Carson Soucy.
5:09 of 3rd period - Deflect By Nick Seeler.
5:09 of 3rd period - Stopped by Pheonix Copley without a rebound.
5:10 of 3rd period - Marian Studenic wins face-off versus Jacob Peterson in Abbotsford Heat zone.
5:19 of 3rd period - Marian Studenic is hit by Filip Chlapik and loses puck.
5:40 of 3rd period - Snap shot by Matthew Nieto.
5:40 of 3rd period - Stopped by Pheonix Copley without a rebound.
5:41 of 3rd period - Justin Danforth wins face-off versus Benoit-Olivier Groulx in Abbotsford Heat zone.
5:54 of 3rd period - Snap shot by Benoit-Olivier Groulx.
5:54 of 3rd period - Stopped by Martin Jones with a rebound.
5:56 of 3rd period - Snap shot by Mathias Laferriere.
5:56 of 3rd period - Shot Blocked by Justin Danforth.
5:58 of 3rd period - Wrist shot by Gabriel Fortier.
5:58 of 3rd period - Stopped by Martin Jones with a rebound.
6:00 of 3rd period - Snap shot by Gabriel Fortier.
6:00 of 3rd period - Stopped by Martin Jones with a rebound.
6:02 of 3rd period - Wrist shot by Vincent Desharnais.
6:02 of 3rd period - Shot Misses the Net.
6:04 of 3rd period - Wrist shot by Gabriel Fortier.
6:04 of 3rd period - Shot Misses the Net.
6:06 of 3rd period - Snap shot by Benoit-Olivier Groulx.
6:06 of 3rd period - Deflect By Gabriel Fortier.
6:06 of 3rd period - Stopped by Martin Jones with a rebound.
6:22 of 3rd period - Off-side.
6:23 of 3rd period - Yakov Trenin wins face-off versus Zemgus Girgensons in neutral zone.
6:33 of 3rd period - Wrist shot by Yakov Trenin.
6:33 of 3rd period - Shot Misses the Net.
6:37 of 3rd period - Slapshot by Yakov Trenin.
6:37 of 3rd period - Shot Misses the Net.
6:39 of 3rd period - Slapshot by Dennis Gilbert.
6:39 of 3rd period - Shot Misses the Net.
7:33 of 3rd period - Snap shot by Zemgus Girgensons.
7:33 of 3rd period - Shot Blocked by Michael Anderson.
7:51 of 3rd period - Wrist shot by Benoit-Olivier Groulx.
7:51 of 3rd period - Shot Blocked by Radim Simek.
8:06 of 3rd period - Off-side.
8:07 of 3rd period - Cole Sillinger wins face-off versus Justin Danforth in neutral zone.
8:12 of 3rd period - Wrist shot by Cole Sillinger.
8:12 of 3rd period - Shot Misses the Net.
8:14 of 3rd period - Slapshot by Michael Anderson.
8:14 of 3rd period - Shot Blocked by Robert Hagg.
8:16 of 3rd period - Wrist shot by Alex Limoges.
8:16 of 3rd period - Stopped by Martin Jones with a rebound.
8:18 of 3rd period - Wrist shot by Daniil Miromanov.
8:18 of 3rd period - Deflect By Alex Limoges.
8:18 of 3rd period - Shot Misses the Net.
8:18 of 3rd period - Puck is out of play.
8:19 of 3rd period - Yakov Trenin wins face-off versus Zemgus Girgensons in Tucson Roadrunners zone.
8:20 of 3rd period - Snap shot by Lane Pederson.
8:20 of 3rd period - Stopped by Martin Jones with a rebound.
8:59 of 3rd period - Rocco Grimaldi is hit by Daniil Miromanov and loses puck.
9:18 of 3rd period - Snap shot by Justin Danforth.
9:18 of 3rd period - Stopped by Pheonix Copley with a rebound.
9:26 of 3rd period - Slapshot by Rocco Grimaldi.
9:26 of 3rd period - Stopped by Pheonix Copley with a rebound.
9:46 of 3rd period - Snap shot by Justin Danforth.
9:46 of 3rd period - Shot Misses the Net.
9:48 of 3rd period - Wrist shot by Justin Danforth.
9:48 of 3rd period - Stopped by Pheonix Copley with a rebound.
9:50 of 3rd period - Wrist shot by Rocco Grimaldi.
9:50 of 3rd period - Shot Misses the Net.
9:52 of 3rd period - Slapshot by Rocco Grimaldi.
9:52 of 3rd period - Shot Misses the Net.
9:54 of 3rd period - Wrist shot by Justin Danforth.
9:54 of 3rd period - Shot Misses the Net.
9:56 of 3rd period - Slapshot by Carson Soucy.
9:56 of 3rd period - Stopped by Pheonix Copley without a rebound.
9:57 of 3rd period - Zemgus Girgensons wins face-off versus Yakov Trenin in Abbotsford Heat zone.
10:22 of 3rd period - Simon Benoit is hit by Alex Limoges and loses puck.
10:41 of 3rd period - Jonathan Dahlen is hit by Benoit-Olivier Groulx and loses puck.
11:22 of 3rd period - Wrist shot by Jonathan Dahlen.
11:22 of 3rd period - Stopped by Pheonix Copley with a rebound.
12:24 of 3rd period - Robert Hagg is hit by Yakov Trenin.
12:42 of 3rd period - Simon Benoit is hit by Gabriel Fortier and loses puck.
12:55 of 3rd period - Ryan Merkley is hit by Matthew Highmore and loses puck.
13:43 of 3rd period - Carson Soucy is hit by Dennis Gilbert and loses puck.
14:00 of 3rd period - Icing by William Carrier.
14:01 of 3rd period - Scott Reedy wins face-off versus Cole Sillinger in Tucson Roadrunners zone.
14:28 of 3rd period - Zemgus Girgensons is hit by Yakov Trenin and loses puck.
14:39 of 3rd period - Zemgus Girgensons is hit by Michael Anderson and loses puck.
15:09 of 3rd period - Ryan Merkley is hit by Matthew Highmore and loses puck.
15:20 of 3rd period - Justin Danforth is hit by Mathias Laferriere and loses puck.
15:25 of 3rd period - Snap shot by Benoit-Olivier Groulx.
15:25 of 3rd period - Shot Blocked by Nicolas Meloche.
15:36 of 3rd period - Justin Danforth is hit by Benoit-Olivier Groulx.
15:46 of 3rd period - Mathias Laferriere is hit by Rocco Grimaldi and loses puck.
15:55 of 3rd period - Wrist shot by Matthew Highmore.
15:55 of 3rd period - Shot Blocked by Benoit-Olivier Groulx.
15:57 of 3rd period - Snap shot by Matthew Highmore.
15:57 of 3rd period - Shot Misses the Net.
15:59 of 3rd period - Wrist shot by Justin Danforth.
15:59 of 3rd period - Goal by Justin Danforth - Tucson Roadrunners : 4 - Abbotsford Heat : 2.
16:00 of 3rd period - Zemgus Girgensons wins face-off versus Yakov Trenin in neutral zone.
16:26 of 3rd period - Matthew Nieto is hit by Cole Sillinger and loses puck.
16:57 of 3rd period - Snap shot by Jacob Peterson.
16:57 of 3rd period - Stopped by Martin Jones with a rebound.
17:13 of 3rd period - Marian Studenic is hit by Yakov Trenin and loses puck.
17:35 of 3rd period - Icing by Vincent Desharnais.
17:36 of 3rd period - Justin Danforth wins face-off versus Cole Sillinger in Abbotsford Heat zone.
17:41 of 3rd period - Slapshot by Rocco Grimaldi.
17:41 of 3rd period - Shot Blocked by Vincent Desharnais.
17:58 of 3rd period - Icing by Vincent Desharnais.
17:59 of 3rd period - William Carrier wins face-off versus Yakov Trenin in Abbotsford Heat zone.
18:24 of 3rd period - Slapshot by Dennis Gilbert.
18:24 of 3rd period - Shot Misses the Net.
18:26 of 3rd period - Wrist shot by Benoit-Olivier Groulx.
18:26 of 3rd period - Stopped by Martin Jones with a rebound.
18:28 of 3rd period - Snap shot by Gabriel Fortier.
18:28 of 3rd period - Stopped by Martin Jones with a rebound.
18:52 of 3rd period - Snap shot by Jonathan Dahlen.
18:52 of 3rd period - Shot Blocked by Michael Anderson.
18:58 of 3rd period - Zemgus Girgensons is hit by Alex Limoges and loses puck.
19:27 of 3rd period - Wrist shot by Gabriel Fortier.
19:27 of 3rd period - Stopped by Martin Jones without a rebound.
19:28 of 3rd period - Scott Reedy wins face-off versus Shane Pinto in Tucson Roadrunners zone.
Goals for this period are 2 for Tucson Roadrunners vs 0 for Abbotsford Heat.
Shots for this period are 14 for Tucson Roadrunners vs 10 for Abbotsford Heat.
Back to the Top